 Dungeon Crawl Stone Soup version 0.20-a0-903-g7e3609c (webtiles) character file.

17885 M4edhros the Blocker (level 12, -1/76 HPs)
             Began as an Octopode Artificer on Mar 21, 2017.
             Was an Elder of Fedhas.
             Shot with an arrow by a centaur warrior (21 damage)
             ... on level 13 of the Dungeon.
             The game lasted 00:30:03 (11961 turns).

M4edhros the Blocker (Octopode Artificer)          Turns: 11961, Time: 00:30:08

Health: -1/76      AC:  4    Str: 12    XL:     12   Next: 52%
Magic:  11/19      EV: 19    Int: 15    God:    Fedhas [****..]
Gold:   749        SH: 26    Dex: 17    Spells: 11/11 levels left

rFire    . . .     SeeInvis .   H - +0 trident (protect)
rCold    . . .     Gourm    .   g - +4 large shield
rNeg     . . .     Faith    .   (helmet restricted)
rPois    .         Spirit   .   s - +5 amulet of reflection
rElec    .         Reflect  +   e - +4 ring of evasion
rCorr    .         Harm     .   I - ring of flight
MR       .....                  (no ring)
Stlth    +++++.....             (no ring)
Regen    0.3/turn               (no ring)
MPRegen  0.2/turn               (no ring)
                                (no ring)
                                (no ring)

@: no status effects
A: almost no armour, stealthy swim, amphibious, 8 rings, constrict 8, rugged
brown scales 1, thin metallic scales 1, camouflage 1, clever 1, frail 1,
gelatinous body 1, MP-powered wands
a: Fungal Bloom, Evolution, Sunlight, Growth, Reproduction, Renounce Religion,
Evoke Flight


You were on level 13 of the Dungeon.
You worshipped Fedhas.
Fedhas was greatly pleased with you.
You were not hungry.

You visited 1 branch of the dungeon, and saw 13 of its levels.

You collected 749 gold pieces.

Inventory:

Hand Weapons
 d - a +0 blowgun
 h - a +0 hunting sling
 m - a +2 dagger of venom
 H - a +0 trident of protection (weapon)
Missiles
 b - 4 curare-tipped needles
 j - 433 stones (quivered)
 l - 69 sling bullets
Armour
 g - a +4 large shield (worn)
Jewellery
 e - a +4 ring of evasion (left tentacle)
 s - a +5 amulet of reflection (around mantle)
 I - a ring of flight (right tentacle)
Wands
 c - a wand of enslavement (10/24)
 o - a wand of paralysis (10/24)
 L - a wand of disintegration (17/24)
 O - a wand of digging (15/24)
 P - a wand of iceblast (3/15)
 Q - a wand of confusion (15/48)
 U - a wand of disintegration (11/24)
 X - a wand of clouds (4/9)
Scrolls
 n - 4 scrolls of fog
 u - a scroll of immolation {unknown}
 w - 2 scrolls of recharging {unknown}
 y - 5 scrolls of teleportation {unknown}
 A - 3 scrolls of amnesia {unknown}
 C - 4 scrolls of enchant weapon {unknown}
 D - 2 scrolls of fear {unknown}
 J - 2 scrolls of magic mapping {unknown}
 Y - a scroll of vulnerability {unknown}
Potions
 i - 3 potions of cancellation {unknown}
 k - 2 potions of might {unknown}
 p - 6 potions of curing
 r - 2 potions of berserk rage {unknown}
 t - 6 potions of heal wounds {unknown}
 z - 2 potions of invisibility
 B - 4 potions of lignification
 E - a potion of flight {unknown}
 F - 2 potions of magic {unknown}
 V - a potion of agility
 W - a potion of brilliance {unknown}
Miscellaneous
 S - a phantom mirror
Comestibles
 f - 8 bread rations
 G - 8 meat rations
 R - 3 fruits


   Skills:
 - Level 8.1 Fighting
 - Level 1.0 Short Blades
 + Level 6.6 Dodging
 - Level 8.7 Stealth
 * Level 11.5 Shields
 - Level 9.2 Invocations
 - Level 9.4 Evocations


You had 11 spell levels left.
You didn't know any spells.

Dungeon Overview and Level Annotations

Branches:
Dungeon (13/15)            Temple (0/1) D:6            Lair (0/6) D:11
    Orc (0/2) D:9
 Vaults: D:13-14

Altars:
Elyvilon
Fedhas
Kikubaaqudgha
Makhleb
Nemelex Xobeh
Trog
Zin
The Shining One

Shops:
D:5 (   D:9 ((   D:12 [


Innate Abilities, Weirdness & Mutations

You cannot wear most types of armour.
You are very stealthy in the water. (Stealth+)
You are amphibious.
You can wear up to eight rings at the same time.
You can use your tentacles to constrict eight enemies at once.
Your skin changes colour to match your surroundings (Stealth+).
Your rubbery body absorbs attacks. (AC +1, EV +1)
You are partially covered in rugged brown scales. (AC +1, +3% HP)
You are partially covered in thin metallic scales. (AC +2)
Your mind is acute. (Int +2)
You are frail. (-10% HP)
You expend magic power (3 MP) to strengthen your wands.


Message History

The centaur warrior skeleton suddenly stops moving!
This wand has 10 charges left.
You block the howler monkey's attack. You block the centaur warrior's attack.
The centaur warrior wields an uncursed shortbow.
The centaur warrior shoots an arrow.
You reflect the arrow off an invisible shield around you!
The arrow hits the centaur warrior!
You block the howler monkey's attack. The howler monkey closely misses you.
You see here 2 arrows.
Evoke which item? (* to show all) (? for menu, Esc to quit)
Aiming: Disintegrate (will waste charges)
Press: ? - help, Shift-Dir - straight line, f - centaur warrior
Aim: a centaur warrior, wielding a shortbow (almost dead, chance to defeat MR: 85%)
The centaur warrior barely resists.
Evoking this partially-identified wand wasted a few charges.
The centaur warrior shoots an arrow.
The arrow misses you. You block the howler monkey's attack.
The centaur warrior shoots an arrow.
The arrow hits you!!
You die...
Fedhas appreciates your contribution to the ecosystem.

..# .<.. #. .# #.# .....
#.#####.# #.#......
...#... .P#...... #.#.#
#.#...... ####.#.####
#.#...... ....#....
#÷c......
################(..P....
......#.......##@hf.....
#####.#.#####.##PZ..#...
#####.#.### #.##....# .
##....#...# #..f.##.#
##.######.# ####..#.#
##.######.# #..# #
.)........# ...#
..........# ...#
#####.....# ...#


You could see a centaur warrior, a howler monkey, a centaur warrior skeleton
(paralysed) and 2 friendly wandering mushrooms.

Vanquished Creatures
  Erolcha (D:9)
  2 hydras (D:11)
  2 two-headed ogres
  Sonja (D:12)
  2 skeletal warriors (D:11)
  An unseen horror (D:12)
  A deep elf mage (D:12)
  2 ugly things
  A manticore (D:12)
  2 gargoyles
  A kobold demonologist (D:12)
  A troll (D:11)
  2 wyverns
  3 yaks (D:10)
  2 wraiths (D:11)
  2 hogs (D:8)
  A human (D:8)
  A soldier ant (D:12)
  A water moccasin (D:9)
  A black bear (D:8)
  3 orc warriors
  2 eyes of draining
  4 ogres
  4 centaurs
  A crocodile (D:9)
  3 bullfrogs
  A gnoll sergeant (D:10)
  A wyvern skeleton (D:8)
  2 scorpions
  7 killer bees
  13 wights
  5 howler monkeys
  4 electric eels (D:11)
  7 crimson imps
  7 hounds
  An iguana (D:13)
  A jelly (D:10)
  3 centaur skeletons
  7 orc priests
  9 orc wizards
  3 bullfrog skeletons
  5 worker ants
  4 hound skeletons
  Robin (D:4)
  10 adders
  2 shadow imps
  An ooze (D:6)
  An adder skeleton (D:9)
  5 worms
  A dart slug (D:2)
  5 leopard geckos
  31 orcs
  2 ball pythons
  12 bats
  2 giant cockroaches
  17 goblins
  10 hobgoblins
  8 jackals (D:2)
  10 kobolds
  A quokka (D:7)
  10 frilled lizards
  2 quokka skeletons
  10 rats
268 creatures vanquished.

Vanquished Creatures (collateral kills)
  Josephine (D:11)
  3 skeletal warriors (D:11)
  A cyclops (D:12)
  A centaur skeleton (D:12)
  A komodo dragon (D:11)
  Grinder (D:4)
  A hippogriff (D:8)
  A wraith (D:11)
  2 hogs (D:8)
  2 yaks (D:10)
  A wandering mushroom (D:9)
  Grum (D:9)
  Edmund (D:4)
  Menkaure (D:5)
  3 orc warriors (D:9)
  A sky beast (D:7)
  An ice beast (D:9)
  2 phantoms
  3 ogres
  6 wolves
  The ghost of Vesto the Skirmisher, an amateur GrFi (D:3)
  A killer bee (D:12)
  A howler monkey (D:13)
  A quasit (D:9)
  An orc priest (D:7)
  4 orc wizards
  A worker ant (D:12)
  4 gnolls (D:5)
  An adder (D:3)
  9 orcs
  A giant cockroach (D:3)
59 creatures vanquished.

Vanquished Creatures (others)
  A wolf spider zombie (D:13)
  A meliai zombie (D:10)
  A necrophage (D:10)
  5 centaurs
  2 worker ant zombies
  An adder (D:2)
  11 wandering mushrooms
  271 toadstools
293 creatures vanquished.

Grand Total: 620 creatures vanquished

Notes
Turn   | Place    | Note
-------+----------+-------------------------------------------
     0 | D:1      | M4edhros the Octopode Artificer began the quest for the Orb.
     0 | D:1      | Reached XP level 1. HP: 13/13 MP: 3/3
   117 | D:1      | You fall through a shaft!
   140 | D:2      | Reached XP level 2. HP: 10/18 MP: 4/4
   294 | D:2      | Found a glowing silver altar of Zin.
   465 | D:2      | Found a blossoming altar of Fedhas.
   476 | D:2      | Reached XP level 3. HP: 12/23 MP: 5/5
   778 | D:3      | Found an ancient bone altar of Kikubaaqudgha.
   778 | D:3      | Found a blossoming altar of Fedhas.
   786 | D:3      | Became a worshipper of Fedhas Madash
   976 | D:2      | Reached * piety under Fedhas
  1204 | D:2      | Reached XP level 4. HP: 14/28 MP: 6/6
  1494 | D:1      | Reached skill level 1 in Shields
  1652 | D:1      | Reached ** piety under Fedhas
  2211 | D:3      | Reached XP level 5. HP: 29/34 MP: 7/7
  2297 | D:3      | Reached skill level 1 in Invocations
  2318 | D:3      | Noticed Vesto's ghost (amateur GrFi)
  2349 | D:3      | Killed Vesto's ghost
  2349 | D:3      | Reached skill level 2 in Shields
  2526 | D:3      | Reached *** piety under Fedhas
  2895 | D:4      | Found a bloodstained altar of Trog.
  2911 | D:4      | Found a burning altar of Makhleb.
  2929 | D:4      | Reached XP level 6. HP: 37/39 MP: 8/8
  3068 | D:4      | Reached skill level 5 in Stealth
  3174 | D:4      | Noticed Grinder
  3179 | D:4      | Killed Grinder
  3179 | D:4      | Reached skill level 3 in Shields
  3179 | D:4      | Reached XP level 7. HP: 45/45 MP: 9/9
  3280 | D:4      | Noticed Robin
  3314 | D:4      | Killed Robin
  3452 | D:4      | Found a white marble altar of Elyvilon.
  3598 | D:4      | Noticed Edmund
  3763 | D:4      | Killed Edmund
  3959 | D:5      | Entered Level 5 of the Dungeon
  4342 | D:5      | Reached XP level 8. HP: 23/52 MP: 11/11
  4343 | D:5      | Reached **** piety under Fedhas
  4445 | D:5      | Noticed Menkaure
  4446 | D:5      | Found Sishrob's Weapon Shoppe.
  4456 | D:5      | Killed Menkaure
  4456 | D:5      | Reached skill level 4 in Shields
  5051 | D:6      | Found a staircase to the Ecumenical Temple.
  5327 | D:7      | Reached skill level 5 in Invocations
  5783 | D:8      | Reached skill level 5 in Shields
  5898 | D:8      | Reached XP level 9. HP: 53/59 MP: 13/13
  6060 | D:8      | Reached skill level 5 in Dodging
  6069 | D:8      | Reached skill level 6 in Shields
  6133 | D:8      | Noticed a two-headed ogre
  6193 | D:8      | Killed a two-headed ogre
  6193 | D:8      | Reached skill level 5 in Fighting
  6391 | D:8      | Reached skill level 7 in Shields
  6575 | D:8      | Reached XP level 10. HP: 44/67 MP: 14/14
  6880 | D:9      | Reached ***** piety under Fedhas
  6897 | D:9      | Found a staircase to the Orcish Mines.
  6899 | D:9      | Found Puntet Xurr's Weapon Boutique.
  7037 | D:9      | Noticed a brown ugly thing
  7053 | D:9      | Killed a brown ugly thing
  7061 | D:9      | Gained mutation: Your mind is acute. (Int +2) [mutagenic meat]
  7062 | D:9      | Gained mutation: You expend magic power (3 MP) to strengthen your wands. [mutagenic meat]
  7107 | D:9      | Noticed Erolcha
  7116 | D:9      | Killed Erolcha
  7116 | D:9      | Reached skill level 8 in Shields
  7116 | D:9      | Reached skill level 5 in Evocations
  7314 | D:9      | Found Deuxtorulu's Antique Weapon Shoppe.
  7545 | D:9      | Noticed Grum
  7557 | D:9      | Killed Grum
  7612 | D:9      | Found a sparkling altar of Nemelex Xobeh.
  7613 | D:9      | Found a glowing golden altar of the Shining One.
  7634 | D:10     | Entered Level 10 of the Dungeon
  7933 | D:10     | Noticed a two-headed ogre
  7946 | D:10     | Killed a two-headed ogre
  7946 | D:10     | Reached XP level 11. HP: 53/74 MP: 4/16
  8273 | D:10     | Reached skill level 9 in Shields
  8572 | D:10     | Found an ancient bone altar of Kikubaaqudgha.
  8996 | D:11     | Noticed a six-headed hydra
  9000 | D:11     | Killed a six-headed hydra
  9034 | D:11     | Noticed a six-headed hydra
  9043 | D:11     | Killed a six-headed hydra
  9115 | D:11     | Noticed a skeletal warrior
  9123 | D:11     | Noticed a skeletal warrior
  9138 | D:11     | Noticed a skeletal warrior
  9168 | D:12     | Found Nufurhur's Armour Shoppe.
  9172 | D:12     | Noticed a brown ugly thing
  9212 | D:12     | Killed a brown ugly thing
  9218 | D:12     | Killed an unseen horror
  9257 | D:12     | Gained mutation: You are partially covered in thin metallic scales. (AC +2) [mutagenic meat]
  9258 | D:12     | Gained mutation: You are frail. (-10% HP) [mutagenic meat]
  9259 | D:12     | Gained mutation: You are partially covered in rugged brown scales. (AC +1, +3% HP) [mutagenic meat]
  9427 | D:12     | Noticed a deep elf mage
  9477 | D:11     | Noticed Josephine
  9493 | D:11     | Killed Josephine
  9493 | D:11     | Reached skill level 10 in Shields
  9687 | D:11     | Noticed a skeletal warrior
  9699 | D:11     | Killed a skeletal warrior
  9831 | D:11     | Killed a skeletal warrior
  9831 | D:11     | Reached XP level 12. HP: 43/76 MP: 7/18
 10164 | D:11     | Found a staircase to the Lair.
 10979 | D:12     | Reached skill level 11 in Shields
 11088 | D:12     | Noticed Sonja
 11109 | D:12     | Killed Sonja
 11943 | D:13     | Noticed a centaur warrior
 11961 | D:13     | Shot with an arrow by a centaur warrior

Vault maps used:
D:1:      dpeg_arrival_renting
D:2:      zin_statuary, first_bread, lemuel_statue_altar
D:3:      grunt_temple_overflow_growth_and_decay
D:4:      lemuel_doored_altar, elyvilon_altar_1, kennysheep_little_box,
          uniq_edmund, uniq_robin, uniq_grinder
D:5:      serial_shops, nicolae_shop_temple_entry_statues_fountains,
          uniq_menkaure
D:6:      minmay_temple_entry_from_below_a
D:8:      grunt_livestock, kennysheep_generic_room_2
D:9:      kennysheep_big_flooded_room, gammafunk_temple_overflow_pools,
          orc_david_3, serial_shops, nicolae_shop_stone, uniq_grum, uniq_erolcha
D:10:     basic_altar
D:11:     erik_lair_island, uniq_josephine
D:12:     serial_shops, shop, kennysheep_decorative_pillar, uniq_sonja
D:13:     serial_co_window_serial, co_window_paths_a,
          co_window_of_opportunity_a, co_window_paths_a, co_window_cross_1,
          co_window_paths_b, co_window_broadway_c, co_window_corner_b,
          co_window_corner_b, co_window_corner_cb, co_window_broadway_a,
          co_window_4corner_b, co_window_4corner_a, glass_columns_c,
          serial_shops, shop

Skill      XL: |  1  2  3  4  5  6  7  8  9 10 11 12 |
---------------+-------------------------------------+-----
Stealth        | 3 4 5 7 8 |  8.7
Shields        | 1 2 3 5 7 8 10 11 | 11.5
Invocations    | 1 2 4 5 6 7 9 |  9.2
Fighting       | 2 3 4 5 6 7 8 |  8.1
Dodging        | 3 4 5 6 |  6.6
Evocations     | 6 9 |  9.4
Short Blades   | |  1.0

Action                   |  1- 3 |  4- 6 |  7- 9 | 10-12 || total
-------------------------+-------+-------+-------+-------++-------
Melee: Short sword       |    86 |   100 |   153 |       ||   339
       Constrict         |    17 |    32 |    47 |    86 ||   182
       Tentacles         |    14 |    28 |    67 |   132 ||   241
       Dagger            |       |    25 |       |    14 ||    39
       Trident           |       |       |    89 |   511 ||   600
Invok: Fungal Bloom      |    10 |    25 |    31 |    48 ||   114
       Evolution         |       |     1 |     2 |    11 ||    14
       Sunlight          |       |       |     2 |     5 ||     7
Evoke: Wand              |    10 |     3 |    12 |    38 ||    63
  Use: Scroll            |       |       |    11 |     7 ||    18
       Potion            |       |       |       |     4 ||     4
 Stab: Sleeping          |     8 |    10 |    10 |    16 ||    44
       Paralysed         |       |       |     5 |     3 ||     8
       Confused          |       |       |     3 |     9 ||    12
       Distracted        |       |       |       |     5 ||     5
  Eat: Chunk             |       |     3 |     1 |     6 ||    10
       Royal jelly       |       |     2 |     1 |     5 ||     8
       Bread ration      |       |       |     2 |     2 ||     4
Armor: Skin              |    13 |     2 |    15 |    35 ||    65
Dodge: Dodged            |    91 |    75 |    70 |   160 ||   396
Block: Large shield      |       |       |   162 |   555 ||   717
       Reflection        |       |       |     4 |    28 ||    32
